 Dungeon Crawl Stone Soup version 0.19.1-1-g22dce08 (webtiles) character file.

35 M4edhros the Ducker (level 3, -4/17 HPs)
             Began as a Felid Chaos Knight on Jan 4, 2017.
             Killed from afar by Sigmund (10 damage)
             ... with a magic dart
             ... on level 3 of the Dungeon.
             The game lasted 00:02:01 (4328 turns).

M4edhros the Ducker (Felid Chaos Knight)            Turns: 4328, Time: 00:02:03

Health: -4/17      AC:  1    Str: 11    XL:     3   Next: 17%
Magic:  4/4        EV: 19    Int: 13    God:    Xom [....*.]
Gold:   33         SH:  0    Dex: 15    Spells: 0 memorised, 2 levels left
                                        Lives:  0   Deaths: 0

rFire  . . .     SeeInvis +       - Unarmed
rCold  . . .     Gourm    .     (armour unavailable)
rNeg   + . .     Faith    .     (shield unavailable)
rPois  .         Spirit   .     (helmet unavailable)
rElec  .         Reflect  .     (cloak unavailable)
rCorr  .         Harm     .     (gloves unavailable)
MR     +....                    (boots unavailable)
Stlth  ++........               (no amulet)
                                (no ring)
                                g - ring of positive energy

@: quick
A: no armour, no weapons or thrown items, stealth, claws 1, fangs 3, see
invisible, carnivore 3, speed 1, magic resistance 1, shaggy fur 1, slow
metabolism 1, strong 1, sharp paws
a: Renounce Religion


You were on level 3 of the Dungeon.
You worshipped Xom.
You were a beloved toy of Xom.
You were completely stuffed.

You visited 1 branch of the dungeon, and saw 3 of its levels.

You collected 33 gold pieces.

Inventory:

Missiles
 h - 23 sling bullets
Armour
 b - a +0 leather armour
Jewellery
 g - a ring of positive energy (left paw)
Scrolls
 d - a scroll of teleportation {unknown}
 j - a scroll of enchant armour {unknown}
 k - 2 scrolls of remove curse {unknown}
 l - a scroll of identify {unknown}
Potions
 e - a potion of might {unknown}
 i - a potion of mutation {unknown}
Comestibles
 a - a meat ration
 c - a slice of pizza
 f - 2 chunks of flesh


   Skills:
 + Level 3.3 Fighting
 + Level 3.6 Dodging
 + Level 2.2 Stealth
 * Level 3.4 Unarmed Combat


You had 2 spell levels left.
You didn't know any spells.

Dungeon Overview and Level Annotations

Branches:
Dungeon (3/15)

Altars:
Okawaru
Xom

Annotations:
D:3 Sigmund


Innate Abilities, Weirdness & Mutations

You cannot wear armour.
You are incapable of wielding weapons or throwing items.
Your paws allow you to move quietly. (Stealth)
You have sharp claws.
You have razor-sharp teeth.
You have supernaturally acute eyesight. (SInv)
You are carnivorous and can eat meat at any time.
You cover ground quickly.
You are covered in fur. (AC +1)
You have a slow metabolism.
Your sharp claws are effective at attacking unaware monsters.
You are resistant to hostile enchantments. (MR+)
Your muscles are strong. (Str +2)


Message History

No target in view!
No target in view!
No target in view!
No target in view!
Sigmund the Dreaded comes into view.
He is wielding a scythe.
Sigmund is nearby!
The helpless Sigmund fails to defend himself.
You mangle Sigmund!! Your bite misses Sigmund.
Sigmund is heavily wounded.
Sigmund hits you with a scythe!
Ouch! That really hurt!
You scratch Sigmund but do no damage.
Sigmund is heavily wounded.
You scratch Sigmund. You bite Sigmund.
Sigmund is severely wounded.
Sigmund points at you and mumbles some strange words.
The magic dart hits you!
Ouch! That really hurt!
You die...
Xom howls with laughter!

.....####.........#
...#.# #........##
...#.# ######..##
...#.########..##
...#(.........##
...#########..# #
..... #..## .#
##### #...###..#
#.#..@@.#
#.#.#.#.....#
#.#.#.# #..##
#.#.#.. ..#
#.#.#..# # #.#.#..#
...... #.####


You could see Sigmund.

Vanquished Creatures
  An ooze (D:1)
  A dart slug (D:1)
  2 leopard geckos (D:2)
  3 bats (D:2)
  4 hobgoblins
  2 jackals (D:2)
  3 kobolds
  4 frilled lizards
  A goblin (D:1)
  7 rats
28 creatures vanquished.

Notes
Turn   | Place    | Note
-------+----------+-------------------------------------------
     0 | D:1      | M4edhros the Felid Chaos Knight began the quest for the Orb.
     0 | D:1      | Reached XP level 1. HP: 10/10 MP: 2/2
    37 | D:1      | Reached skill level 1 in Stealth
    51 | D:1      | Reached XP level 2. HP: 14/14 MP: 3/3
   299 | D:1      | XOM: divination: detect items
  1053 | D:1      | XOM: divination: detect creatures
  1594 | D:1      | XOM is BORED!
  1594 | D:1      | XOM: mild Tmut miscast
  1624 | D:1      | XOM: 3-stop teleportation journey
  1697 | D:2      | XOM: 4-stop teleportation journey
  1705 | D:2      | XOM: snakes to sticks
  2302 | D:2      | XOM: god gift: leather armour {god gift}
  2917 | D:2      | XOM: god gift: slice of pizza
  3036 | D:2      | Found a shimmering altar of Xom.
  3036 | D:2      | Found a shimmering altar of Xom.
  3036 | D:2      | Found a shimmering altar of Xom.
  3036 | D:2      | Found a shimmering altar of Xom.
  3036 | D:2      | Found a shimmering altar of Xom.
  3036 | D:2      | Found a shimmering altar of Xom.
  3036 | D:2      | XOM: 11-stop teleportation journey
  3040 | D:2      | Found an iron altar of Okawaru.
  3055 | D:2      | XOM: give mutation
  3055 | D:2      | Gained mutation: You are resistant to hostile enchantments. (MR+) [Xom's grace]
  3219 | D:2      | XOM: god gift: 23 sling bullets
  3366 | D:2      | XOM: 5-stop teleportation journey
  3877 | D:2      | XOM: smoke on damage
  4000 | D:2      | XOM: give mutation
  4000 | D:2      | Gained mutation: Your muscles are strong. (Str +2) [Xom's grace]
  4003 | D:2      | Reached XP level 3. HP: 12/17 MP: 4/4
  4111 | D:2      | XOM: god gift: blue potion {god gift}
  4323 | D:3      | Noticed Sigmund
  4328 | D:3      | Killed from afar by Sigmund

Skill      XL: |  1  2 |
---------------+-------+-----
Stealth        | 1 2 |  2.2
Fighting       | |  3.3
Dodging        | |  3.6
Unarmed Combat | |  3.4

Action                   || total
-------------------------++-------
Melee: Unarmed           ||    76
       Bite              ||     2
       Punch             ||     1
  Use: Potion            ||     3
 Stab: Sleeping          ||     5
       Distracted        ||     1
  Eat: Chunk             ||    14
Armor: Skin              ||     4
Dodge: Dodged            ||    75
